AoeStats
← iamlev33

Arabia

504909046Analyzed
1v1 RM · 26d ago on Sep 7, 2026· 79m 56s· 2 players
Game mode
Random Map
Map size
Tiny (2 player)
Population
200
Speed
Normal
Resources
Standard
Victory
Conquest
Starting age
Dark Age
Ending age
Imperial Age
RankedLock teamsTeams togetherTeam positionsShared explorationLock speedFull tech treeHidden civsTurbo modeCheats
Victory
Defeat
🇲🇽 Poles · Mexico
597
+16
🇨🇦 Malians · Canada
606
-26
garzaalejandro11037
12:41 Feudal Age
14:20 Wheelbarrow
14:21 Double-Bit Axe
18:37 Gold Mining
18:44 Loom
25:47 Castle Age
24:48 Bloodlines
26:43 Elite Skirmisher
27:42 Bow Saw
29:29 Husbandry
28:50 Light Cavalry
41:20 Imperial Age
42:12 Winged Hussar
43:53 Thumb Ring
44:12 Scale Mail Armor
44:00 Town Watch
48:31 Chemistry
48:54 Forging
48:59 Chain Mail Armor
48:36 Fletching
49:17 Ballistics
57:29 Iron Casting
57:24 Plate Mail Armor
56:59 Scale Barding Armor
59:52 Bodkin Arrow
62:33 Chain Barding Armor
62:14 Padded Archer Armor
68:24 Lechitic Legacy
68:40 Fortified Wall
69:51 Blast Furnace
68:51 Bracer
69:07 Leather Archer Armor
68:49 Horse Collar
79:43 Heavy Plow
iamlev33
8:55 Loom
10:49 Feudal Age
16:40 Double-Bit Axe
21:31 Castle Age
22:02 Light Cavalry
28:57 Wheelbarrow
28:19 Gold Mining
28:14 Horse Collar
29:29 Ballistics
29:17 Murder Holes
39:39 Imperial Age
44:28 Hand Cart
44:36 Forging
44:04 Elite Gbeto
45:21 Scale Mail Armor
46:00 Iron Casting
48:46 Chain Mail Armor
51:20 Plate Mail Armor
51:12 Town Watch
51:46 Bow Saw
52:14 Gold Shaft Mining
51:32 Stone Mining
65:11 Pikeman
Connection lost

Rejoining the realm…

Still unreachable

The connection could not be restored.

Session expired

The server has moved on; the page needs a fresh start.